 Dungeon Crawl Stone Soup version 0.24.1-14-gf8d2b509d9 (console) character file.

Game seed: 2267971844879027622, levelgen mode: deterministic

87 Kagalorn the Grasshopper (level 4, -7/34 HPs)
             Began as a Gnoll Wanderer on Dec 6, 2022.
             Was an Initiate of the Shining One.
             Mangled by an orc wizard
             ... wielding a +2 dagger of electrocution
              (10 damage)
             ... on level 3 of the Dungeon.
             The game lasted 00:08:07 (2732 turns).

Kagalorn the Grasshopper (Gnoll Wanderer)           Turns: 2732, Time: 00:08:08

Health: -7/34      AC:  7    Str: 17    XL:     4   Next: 51%
Magic:  8/8        EV: 11    Int: 14    God:    the Shining One [......]
Gold:   102        SH:  0    Dex: 13    Spells: 9/9 levels left

rFire    . . .     SeeInvis .   a - +0 dagger
rCold    . . .     Gourm    .   (no shield)
rNeg     . . .     Faith    .   c - +0 ring mail
rPois    +         Spirit   .   y - +2 hat
rElec    .         Reflect  .   (no cloak)
rCorr    .         Harm     .   (no gloves)
MR       +....                  (no boots)
Stlth    +.........             (no amulet)
HPRegen  0.11/turn              p - ring of protection from magic
MPRegen  0.11/turn              e - ring of poison resistance

@: glowing
A: distributed training, fangs 1, strong nose
a: Renounce Religion


You were on level 3 of the Dungeon.
You worshipped the Shining One.
The Shining One was noncommittal.
You were not hungry.

You visited 1 branch of the dungeon, and saw 3 of its levels.

You collected 102 gold pieces.

Inventory:

Hand Weapons
 a - a +0 dagger (weapon)
 b - a +2 shortbow
Missiles
 g - 49 arrows
 h - 13 sling bullets
 l - 155 stones (quivered)
 x - 13 bolts
 A - 17 poisoned darts
Armour
 c - a +0 ring mail (worn)
 y - a +2 hat (worn)
Jewellery
 e - a ring of poison resistance (right hand)
 p - a ring of protection from magic (left hand)
 u - an uncursed ring of flight
Scrolls
 j - 4 scrolls of remove curse
 k - a scroll of random uselessness {unknown}
 m - a scroll of noise {unknown}
 n - a scroll of enchant armour {unknown}
 o - a scroll of blinking {unknown}
 q - 2 scrolls of immolation {unknown}
 s - a scroll of amnesia {unknown}
 t - 2 scrolls of identify {unknown}
 v - a scroll of magic mapping {unknown}
Potions
 d - 2 potions of curing
 i - a potion of ambrosia {unknown}
 r - 3 potions of heal wounds {unknown}
 w - a potion of agility {unknown}
Comestibles
 f - 5 rations


   Skills:
 + Level 2.7 Fighting
 + Level 1.1 Short Blades
 + Level 1.1 Long Blades
 + Level 1.1 Axes
 + Level 1.1 Maces & Flails
 + Level 1.1 Polearms
 + Level 1.1 Staves
 + Level 1.1 Slings
 + Level 2.7 Bows
 + Level 1.1 Crossbows
 + Level 4.6 Throwing
 + Level 2.7 Armour
 + Level 1.1 Dodging
 + Level 1.1 Stealth
 + Level 1.1 Shields
 + Level 1.1 Unarmed Combat
 + Level 3.0 Spellcasting
 + Level 0.9 Conjurations
 + Level 0.9 Hexes
 + Level 0.9 Charms
 + Level 0.9 Summonings
 + Level 0.9 Necromancy
 + Level 5.4 Translocations
 + Level 0.9 Transmutations
 + Level 0.9 Fire Magic
 + Level 0.9 Ice Magic
 + Level 0.9 Air Magic
 + Level 0.9 Earth Magic
 + Level 2.2 Poison Magic
 + Level 1.2 Invocations
 + Level 1.1 Evocations


You had 9 spell levels left.
You didn't know any spells.
Your spell library was empty.

Dungeon Overview and Level Annotations

Branches:
Dungeon (3/15)

Altars:
The Shining One


Innate Abilities, Weirdness & Mutations

Your experience applies equally to all skills.
You have very sharp teeth.
Your uncanny sense of smell can sniff out nearby items.


Message History

You see here a bat corpse.
You see here a bat corpse.
You see here a giant cockroach corpse.
An orc wizard comes into view.
It is wielding a +2 dagger of electrocution.
The orc wizard shouts!
You hear a shout!
The orc wizard casts a spell.
The orc wizard seems to speed up.
The orc wizard points at you and mumbles some strange words.
The puff of flame hits you. The orc wizard casts a spell at you.
The magic dart hits you but does no damage.
The orc wizard points at you and mumbles some strange words.
The puff of frost hits you.
The orc wizard hits you but does no damage.
You are electrocuted!
* * * LOW HITPOINT WARNING * * *
You miss the orc wizard.
The orc wizard hits you but does no damage.
You are electrocuted!
You die...

. #.#
#.......#.#........####### .
..####.#...#.#.####..##### .
####.).......#...........#####
#..#######.###########.....#
###..# ### #.# #####.#
#....#######.# #.##
#.#....'_'...# #...
#.#..###+###.##### #### #.#..#
#.# #..@o.###
#.#..###.###.###...#
#.#..........# #.#.#####
#......###...# #.......##
###.##.# #..###.#.#.#.#.#
#...#.###.## #.........## #..
##†....##.#.#.#.#.#.# #..∆
#<†................# ###
#.....#.#.#.#.#.#o#.#


You could see an orc wizard.

Vanquished Creatures
  2 adders
  6 worms
  4 leopard geckos
  4 giant cockroaches
  3 goblins
  9 hobgoblins
  A quokka (D:2)
  A ball python (D:3)
  6 bats
  2 frilled lizards
  6 kobolds
  6 rats (D:1)
50 creatures vanquished.

Notes
Turn   | Place    | Note
-------+----------+-------------------------------------------
     0 | D:1      | Kagalorn the Gnoll Wanderer began the quest for the Orb.
     0 | D:1      | Kagalorn set off with the following items: a +2 shortbow,
                  | 28 arrows, a +0 ring mail, a potion of curing, a ration
     0 | D:1      | Reached XP level 1. HP: 17/17 MP: 4/4
   108 | D:1      | Reached XP level 2. HP: 17/23 MP: 5/5
   594 | D:1      | Reached XP level 3. HP: 22/28 MP: 7/7
  1221 | D:2      | Reached skill level 1 in Invocations
  1699 | D:3      | Reached skill level 1 in Short Blades
  1699 | D:3      | Reached skill level 1 in Long Blades
  1699 | D:3      | Reached skill level 1 in Axes
  1699 | D:3      | Reached skill level 1 in Maces & Flails
  1699 | D:3      | Reached skill level 1 in Polearms
  1699 | D:3      | Reached skill level 1 in Staves
  1699 | D:3      | Reached skill level 1 in Slings
  1699 | D:3      | Reached skill level 1 in Crossbows
  1699 | D:3      | Reached skill level 1 in Dodging
  1699 | D:3      | Reached skill level 1 in Stealth
  1699 | D:3      | Reached skill level 1 in Shields
  1699 | D:3      | Reached skill level 1 in Unarmed Combat
  1699 | D:3      | Reached skill level 1 in Evocations
  1980 | D:2      | Reached XP level 4. HP: 34/34 MP: 8/8
  2583 | D:3      | Found a glowing golden altar of the Shining One.
  2622 | D:3      | Became a worshipper of the Shining One
  2732 | D:3      | Mangled by an orc wizard

Levels and vault maps discovered:
D:1:      mrwooster_arrival_statue_2, layout_loops_ring
D:2:      layout_loops_ring
D:3:      layout_loops_cross, lemuel_doored_altar, first_ration,
          minmay_door_square, hex_medium

Skill      XL: |  1  2  3  4 |
---------------+-------------+-----
Poison Magic   | 2 |  2.2
Invocations    | 1 |  1.2
Short Blades   | 1 |  1.1
Long Blades    | 1 |  1.1
Axes           | 1 |  1.1
Maces & Flails | 1 |  1.1
Polearms       | 1 |  1.1
Staves         | 1 |  1.1
Slings         | 1 |  1.1
Crossbows      | 1 |  1.1
Dodging        | 1 |  1.1
Stealth        | 1 |  1.1
Shields        | 1 |  1.1
Unarmed Combat | 1 |  1.1
Evocations     | 1 |  1.1
Spellcasting   | 3 |  3.0
Fighting       | |  2.7
Bows           | |  2.7
Throwing       | |  4.6
Armour         | |  2.7
Conjurations   | |  0.9
Hexes          | |  0.9
Charms         | |  0.9
Summonings     | |  0.9
Necromancy     | |  0.9
Translocations | |  5.4
Transmutations | |  0.9
Fire Magic     | |  0.9
Ice Magic      | |  0.9
Air Magic      | |  0.9
Earth Magic    | |  0.9

Action                   |  1- 3 |  4- 6 || total
-------------------------+-------+-------++-------
Melee: Dagger            |   194 |    94 ||   288
       Unarmed           |     2 |       ||     2
       Bite              |    13 |    16 ||    29
 Fire: Shortbow          |    28 |       ||    28
Throw: Stone             |     1 |       ||     1
  Use: Scroll            |     1 |       ||     1
  Eat: Chunk             |     3 |     3 ||     6
Armor: Ring mail         |    75 |    33 ||   108
Dodge: Dodged            |   110 |    54 ||   164
